 Dungeon Crawl Stone Soup version 0.31-a0-175-g9f7f995f2b (webtiles) character file.

Game seed: 10702408200945264811

61 TittyCrusher the Changer (level 4, -12/38 HPs)
             Began as a Naga Transmuter on June 17, 2023.
             Killed by divine providence
             ... invoked by an orc priest
              (15 damage)
             ... on level 3 of the Dungeon.
             The game lasted 00:05:23 (1791 turns).

TittyCrusher the Changer (Naga Transmuter)          Turns: 1791, Time: 00:05:23

Health: -12/38     AC:  2    Str: 13      XL:     4   Next: 7%
Magic:  4/7        EV: 18    Int: 22 (23) God:
Gold:   69         SH:  0    Dex: 13 (14) Spells: 1/7 levels left

rFire   . . .        b - melded +0 sling
rCold   . . .        (shield currently unavailable)
rNeg    . . .        a - melded +0 robe
rPois   x            i - melded +0 helmet
rElec   .            (cloak currently unavailable)
rCorr   .            (gloves currently unavailable)
SInv    +            (no barding)
Will    .....        (no amulet)
Stlth   +            g - +6 ring of intelligence
HPRegen 0.26/turn    (no ring)
MPRegen 0.10/turn

%: no passive effects
@: mighty, spider-form
A: venomous fangs, AC +1, tiny, see invisible, (deformed body), (poison
resistance), (slowness 2), spit poison 1, (naga tail 1), clever 1, clumsy 1,
deterioration 1
a: Spit Poison, End Transformation


You were on level 3 of the Dungeon.
You were a venomous arachnid creature.
You visited 1 branch of the dungeon, and saw 3 of its levels.

You collected 69 gold pieces.

Inventory:

Hand Weapons
 b - a +0 sling (melded)
Missiles
 d - 6 stones
 m - 7 poisoned darts
Armour
 a - a +0 robe (melded)
 i - a +0 helmet (melded)
Jewellery
 g - a +6 ring of intelligence (left front pincers)
Potions
 h - a potion of mutation


   Skills:
 - Level 1.0 Fighting
 - Level 1.5 Dodging
 - Level 3.0 Unarmed Combat
 - Level 2.0 Spellcasting
 - Level 3.5 Transmutations
 + Level 2.7 Poison Magic


You had one spell level left.
You knew the following spells:

 Your Spells              Type           Power      Damage    Failure   Level
a - Beastly Appendage     Tmut           34%        N/A       11%         1
b - Wereblood             Tmut           17%        N/A       14%         2
c - Spider Form           Tmut/Pois      15%        N/A       28%         3

Your spell library contained the following spells:

 Spells                   Type           Power      Damage    Failure   Level
 Hailstorm                Conj/Ice       2%         3d3       61%         3
 Ice Form                 Ice/Tmut       10%        N/A       75%         4
 Simulacrum               Ice/Necr       1%         N/A       100%        6


Dungeon Overview and Level Annotations

Branches:
Dungeon (3/15)

Altars:


Innate Abilities, Weirdness & Mutations

You are a venomous arachnid creature.
You have venomous fangs.
You are tiny and dextrous.
Your spellcasting is less reliable in this form.
Your armour is entirely melded.
You are incapable of wielding weapons or throwing items.
((Your serpentine skin is tough. (AC +1)))
You have supernaturally acute eyesight. (SInv)
((Armour fits poorly on your strangely shaped body.))
((Your system is resistant to poisons. (rPois)))
((You cover ground very slowly.))
You can spit poison.
((You have a snake-like lower body.))
Your mind is acute. (Int +4, Str/Dex -1)
You are clumsy. (Dex -2)
Your body sometimes deteriorates upon taking damage.


Message History

The orc hits you with a +0 dagger.
The orc priest calls down the wrath of Beogh upon you.
Beogh smites you!
* * * LOW HITPOINT WARNING * * *
Your body deteriorates!
You feel dopey. The endoplasm is attracted toward you.
The orc priest is attracted toward you.
It was a potion of enlightenment.
You feel very buoyant.
You fly up into the air.
The orc hits you but does no damage.
It was a potion of cancellation.
Your magical effects are unravelling.
You feel magically purged.
You float gracefully downwards.
Your enlightenment fades.
You feel less attractive to monsters.
It was a potion of might.
You feel very mighty all of a sudden. The orc barely misses you.
The orc priest closely misses you.
Blink to where?
Press: ? - help, Dir - move target
As you read the scroll labelled VULAFO ZIKK, it crumbles to dust.
It was a scroll of blinking.
Okay, then.
As you read the scroll labelled SECKYLU ILOUNAAN, it crumbles to dust.
It is a scroll of identify.
You don't currently have any unidentified items.
Okay, then.
You aren't carrying any scrolls.
Unknown command.
You aren't carrying any items that you can evoke.
Unknown command.
Casting: Beastly Appendage (safe; 3% risk of failure)
Confirm with . or Enter, or press ? or * to list all spells.
You turn into a venomous arachnid creature.
Your +0 sling melds into your body.
Your +0 helmet melds into your body.
Your +0 robe melds into your body.
Unknown command.
You barely miss the orc priest.
The orc priest calls down the wrath of Beogh upon you.
Beogh smites you!
You die...

**,,....,* #.......#......######
,,,,.J...*###.........######
,,,,.....##..........##
,,,................###
,,,...J.....######.#**####*******
,,,...o.###.######.##.....,,,,,,,
,,,.....###.######..).#**********
,,,.....###..#o.o....##
,,,.......o..o.#s....#
***#####..##.###.....#
######J.o..########
######.#.....## ######.##.##..#
**######.##.###.#
*,....b...#.###.#*
*,...[...?#..##..*
*,........##.###.#*************#


You could see an orc priest and an orc.

Vanquished Creatures
  2 adders (D:2)
  A worm (D:2)
  3 bats
  5 endoplasms
  2 giant cockroaches (D:1)
  4 hobgoblins
  5 kobolds
  2 quokkas
  4 ball pythons
  A frilled lizard (D:1)
  5 goblins
  4 rats
38 creatures vanquished.

Notes
Turn   | Place    | Note
-------+----------+-------------------------------------------
     0 | D:1      | TittyCrusher the Naga Transmuter began the quest for the
                  | Orb.
     0 | D:1      | Reached XP level 1. HP: 18/18 MP: 3/3
   145 | D:1      | Reached XP level 2. HP: 25/25 MP: 3/5
   148 | D:1      | Learned a level 2 spell: Wereblood
   376 | D:1      | Found a faded altar of an unknown god.
   741 | D:2      | Reached XP level 3. HP: 22/31 MP: 4/6
   761 | D:2      | Learned a level 3 spell: Spider Form
   811 | D:2      | Reached skill level 1 in Poison Magic
  1691 | D:3      | Reached XP level 4. HP: 38/38 MP: 7/7
  1777 | D:3      | Gained mutation: You are clumsy. (Dex -2) [potion of
                  | mutation]
  1777 | D:3      | Gained mutation: Your body sometimes deteriorates upon
                  | taking damage. [potion of mutation]
  1777 | D:3      | Gained mutation: Your mind is acute. (Int +4, Str/Dex -1)
                  | [potion of mutation]
  1782 | D:3      | HP: 1/38 [orc priest/divine providence (12)]
  1791 | D:3      | Killed from afar by an orc priest

Illustrated notes

Levels and vault maps discovered:
D:1:      dpeg_arrival_orchard, layout_rooms,
          shapermc_ecumenical_altar_mp_ritualfount
D:2:      layout_basic, kennysheep_generic_room_7
D:3:      layout_rooms, mainiacjoe_overflow_brackets

Skill      XL: |  1  2  3 |
---------------+----------+-----
Transmutations | 3 |  3.5
Poison Magic   | 2 |  2.7
Fighting       | |  1.0
Dodging        | |  1.5
Unarmed Combat | |  3.0
Spellcasting   | |  2.0

Action                     |  1- 3 |  4- 6 || total
---------------------------+-------+-------++-------
  Melee: Unarmed           |    43 |     1 ||    44
         Headbutt          |     3 |       ||     3
         Punch             |     1 |       ||     1
   Fire: Sling             |    27 |     3 ||    30
   Cast: Beastly Appendage |     8 |       ||     8
         Spider Form       |       |     1 ||     1
Ability: Spit Poison       |    33 |     2 ||    35
    Use: Potion            |     1 |     6 ||     7
         Scroll            |     1 |     4 ||     5
 Armour: Skin              |     4 |       ||     4
         Robe              |     6 |     1 ||     7
  Dodge: Dodged            |    22 |     2 ||    24

Table legend: (Time is in decaauts)
 A = Elapsed time spent in this place.
 B = Non-inter-level travel time spent in this place.
 C = Inter-level travel time spent in this place.
 D = Time resting spent in this place.
 E = Time spent auto-exploring this place.
 F = Levels seen in this place.
 G = Mean time per level.
                   A        B        C        D        E       F      G
               +--------+--------+--------+--------+--------+-----+--------+
         Total |   2326 |   2266 |     60 |    178 |   1584 |   3 |  775.3 |
       Dungeon |   2326 |   2266 |     60 |    178 |   1584 |   3 |  775.3 |
               +--------+--------+--------+--------+--------+-----+--------+

Top non-repeatable levels by time:
     D:2: 1282 daAuts
     D:1: 792 daAuts
     D:3: 251 daAuts
